 Dungeon Crawl Stone Soup version 0.21-a0-401-g0b6bec4 (webtiles) character file.

322 Hasart the Digger (level 6, -2/36 HPs)
             Began as an Octopode Earth Elementalist on Oct 24, 2017.
             Was an Initiate of Sif Muna.
             Slain by a slave (3 damage)
             ... led by Pikel
             ... on level 4 of the Dungeon.
             The game lasted 00:08:00 (4461 turns).

Hasart the Digger (Octopode Earth Elementalist)     Turns: 4461, Time: 00:08:01

Health: -2/36      AC:  1    Str:  8    XL:     6   Next: 47%
Magic:  1/11       EV: 13    Int: 19    God:    Sif Muna [......]
Gold:   287        SH:  0    Dex: 12    Spells: 8/12 levels left

rFire    . . .     SeeInvis .   k - +0 whip (curse)
rCold    . . .     Gourm    .   (no shield)
rNeg     . . .     Faith    .   (helmet restricted)
rPois    .         Spirit   .   (no amulet)
rElec    .         Reflect  .   (no ring)
rCorr    .         Harm     .   (no ring)
MR       .....                  (no ring)
Stlth    +++.......             (no ring)
HPRegen  0.12/turn              (no ring)
MPRegen  0.12/turn              (no ring)
                                (no ring)
                                (no ring)

@: drained
A: almost no armour, stealthy swim, amphibious, 8 rings, constrict 8, camouflage
1, gelatinous body 1
a: Renounce Religion


You were on level 4 of the Dungeon.
You worshipped Sif Muna.
Sif Muna was noncommittal.
You were hungry.

You visited 1 branch of the dungeon, and saw 4 of its levels.

You collected 287 gold pieces.

Inventory:

Hand Weapons
 f - a +0 mace
 k - a cursed +0 whip (weapon)
 t - a +2 whip of holy wrath
Missiles
 b - 128 stones (quivered)
Jewellery
 o - an uncursed amulet of the gourmand {unknown}
Wands
 s - a wand of acid (6/15)
Scrolls
 m - 2 scrolls of teleportation
Potions
 a - 4 potions of curing
 e - 2 potions of agility {unknown}
 g - 2 potions of haste {unknown}
 h - a potion of berserk rage
 i - a potion of brilliance {unknown}
 j - a potion of heal wounds {unknown}
 l - a potion of lignification {unknown}
 n - 2 potions of mutation {unknown}
 q - a potion of flight {unknown}
Books
 d - a book of Geomancy

   Spells                             Type                      Level
   a - Sandblast                      Earth                        1
   b - Passwall                       Transmutation/Earth          2
   c - Stone Arrow                    Conjuration/Earth            3
   d - Petrify                        Transmutation/Earth          4
   e - Lee's Rapid Deconstruction     Earth                        5
Comestibles
 c - 2 bread rations
 p - a royal jelly


   Skills:
 - Level 2.0(1.5) Dodging
 - Level 2.6(2.2) Stealth
 + Level 3.5(3.0) Spellcasting
 + Level 2.3(1.9) Conjurations
   Level 1.0(0.5) Transmutations
 * Level 5.6(5.1) Earth Magic


You had 8 spell levels left.
You knew the following spells:

 Your Spells              Type           Power        Failure   Level  Hunger
a - Sandblast             Erth           ###...       1%          1    None
b - Stone Arrow           Conj/Erth      ###...       11%         3    ###....


Dungeon Overview and Level Annotations

Branches:
Dungeon (4/15)
 Temple: D:4-7

Altars:
Ashenzari
Cheibriados
Sif Muna


Innate Abilities, Weirdness & Mutations

You cannot wear most types of armour.
You are very stealthy in the water. (Stealth+)
You are amphibious.
You can wear up to eight rings at the same time.
You can use your tentacles to constrict eight enemies at once.
Your skin changes colour to match your surroundings (Stealth+).
Your rubbery body absorbs attacks. (AC +1, EV +1)


Message History

Casting: Sandblast
Confirm with . or Enter, or press ? or * to list all spells.
Aiming: Sandblast
Press: ? - help, Shift-Dir - straight line, f/p - slave
Aim: a slave, wearing an animal skin (severely wounded)
The blast of sand hits the slave.
The slave is almost dead.
b - 129 stones The slave hits you.
* * * LOW HITPOINT WARNING * * *
Casting: Sandblast
Confirm with . or Enter, or press ? or * to list all spells.
Aiming: Sandblast
Press: ? - help, Shift-Dir - straight line, f/p - slave
Aim: a slave, wearing an animal skin (almost dead)
The blast of sand hits the slave.
The slave is almost dead.
b - 128 stones The slave hits you.
You die...

...p.>.)).####....#
.o..##[)..##....## .
#..#.##.#.###
##p##........##
#......###....#
#...#### ##.###
##.### ##...##
#..########.....#
#######.....p@..#####
#.......#########
...#######


You could see a slave.

Vanquished Creatures
  An orc priest (D:3)
  3 orc wizards (D:4)
  A worker ant (D:4)
  Robin (D:2)
  4 adders
  2 oozes
  4 worms
  4 dart slugs
  4 leopard geckos
  13 orcs
  2 ball pythons
  3 giant cockroaches
  21 goblins
  8 hobgoblins
  4 kobolds
  A quokka (D:2)
  13 bats
  4 frilled lizards
  3 rats
  A fungus (D:2)
97 creatures vanquished.

Notes
Turn   | Place    | Note
-------+----------+-------------------------------------------
     0 | D:1      | Hasart the Octopode Earth Elementalist began the quest for the Orb.
     0 | D:1      | Reached XP level 1. HP: 11/11 MP: 3/3
   156 | D:1      | Reached XP level 2. HP: 13/17 MP: 5/5
  1022 | D:1      | Reached XP level 3. HP: 9/21 MP: 4/6
  1647 | D:2      | Reached skill level 4 in Earth Magic
  1711 | D:2      | Learned a level 3 spell: Stone Arrow
  1909 | D:2      | Found a snail-covered altar of Cheibriados.
  2002 | D:2      | Reached XP level 4. HP: 12/27 MP: 8/8
  2265 | D:2      | Noticed Robin
  2274 | D:2      | Killed Robin
  2274 | D:2      | Reached skill level 1 in Conjurations
  2882 | D:3      | Reached XP level 5. HP: 31/31 MP: 4/9
  3465 | D:3      | Reached skill level 5 in Earth Magic
  3979 | D:4      | Reached XP level 6. HP: 21/36 MP: 7/10
  4170 | D:4      | Found a deep blue altar of Sif Muna.
  4223 | D:4      | Found a shattered altar of Ashenzari.
  4287 | D:4      | Became a worshipper of Sif Muna the Loreminder
  4438 | D:4      | Noticed a slave
  4444 | D:4      | Noticed a slave
  4460 | D:4      | HP: 1/36 [slave[Pikel] (6)]
  4461 | D:4      | Slain by a slave

Vault maps used:
D:1:      dpeg_arrival_rooms_with_view, minivault_5
D:2:      cheibriados_altar_1, minmay_gold_behind_fungi, uniq_robin
D:4:      bloody_trog, kennysheep_mini_moat, lemuel_round_altar, first_bread,
          uniq_pikel

Skill      XL: |  1  2  3  4  5 |
---------------+----------------+-----
Earth Magic    | 4 5 |  5.6
Conjurations   | 1 2 |  2.3
Spellcasting   | 3 |  3.5
Dodging        | |  2.0
Stealth        | |  2.6
Transmutations | |  1.0

Action                   |  1- 3 |  4- 6 || total
-------------------------+-------+-------++-------
Melee: Unarmed           |    32 |       ||    32
       Constrict         |    23 |    25 ||    48
       Tentacles         |     6 |    13 ||    19
       Mace              |    58 |    56 ||   114
       Whip              |       |    24 ||    24
 Cast: Sandblast         |    14 |    64 ||    78
  Use: Scroll            |     2 |     4 ||     6
 Stab: Sleeping          |    11 |     8 ||    19
  Eat: Chunk             |     4 |     7 ||    11
Armor: Skin              |    11 |    12 ||    23
Dodge: Dodged            |    59 |    59 ||   118

Table legend:
 A = Spawn XP
 B = Non-spawn XP
 C = Spawn XP percentage of total XP
 D = Spawn monster count
 E = Non-spawn monster count
 F = Spawn count percentage of total count
 G = Total turns spent on level
                    A         B        C        D         E        F      G
               +---------+---------+-------+---------+---------+-------+---------
         Total |       0 |     461 |   0.0 |       0 |      96 |   0.0 |  4461
               +---------+---------+-------+---------+---------+-------+---------
           D:1 |       0 |      48 |   0.0 |       0 |      24 |   0.0 |  1629
           D:2 |       0 |      99 |   0.0 |       0 |      34 |   0.0 |  1152
           D:3 |       0 |     121 |   0.0 |       0 |      25 |   0.0 |  1114
           D:4 |       0 |     193 |   0.0 |       0 |      13 |   0.0 |   566
               +---------+---------+-------+---------+---------+-------+---------
